 Dungeon Crawl Stone Soup version 0.17.1-3-g152610e (webtiles) character file.

114 Nekros the Magician (level 4, 0/24 HPs)
             Began as a Deep Elf Wizard on Apr 27, 2016.
             Killed from afar by an orc wizard (9 damage)
             ... with a puff of frost
             ... on level 3 of the Dungeon.
             The game lasted 00:29:07 (3077 turns).

Nekros the Magician (Deep Elf Wizard)               Turns: 3077, Time: 00:29:07

Health: 0/24       AC:  3    Str:  4    XL:     4   Next: 66%
Magic:  4/14       EV: 14    Int: 24    God:
Gold:   100        SH:  0    Dex: 13    Spells: 5 memorised, 4 levels left

rFire  . . .     SeeInvis +     n - +0 spear
rCold  . . .     Clarity  .     a - +0 robe
rNeg   + . .     SustAt   .     (no shield)
rPois  .         Gourm    .     b - +0 hat
rElec  .         Spirit   .     (no cloak)
rCorr  .         Warding  +     k - +0 pair of gloves
rMut   .         Stasis   .     (no boots)
MR     .....                    l - amulet of warding
Stlth  +++.......               h - ring of stealth
                                f - ring of see invisible

@: very slightly contaminated, not resistant to hostile enchantments, fairly
stealthy
A: no striking features
a: no special abilities


You were on level 3 of the Dungeon.
You were not hungry.

You visited 1 branch of the dungeon, and saw 3 of its levels.

You collected 100 gold pieces.

Inventory:

Hand Weapons
 n - a +0 spear (weapon)
Armour
 a - a +0 robe (worn)
 b - a +0 hat (worn)
 k - a +0 pair of gloves (worn)
Jewellery
 f - a ring of see invisible (left hand)
 h - a ring of stealth (right hand)
 i - a cursed -3 ring of slaying {unknown}
 l - an amulet of warding (around neck)
 p - an uncursed amulet of rage {unknown}
Scrolls
 g - a scroll of teleportation {unknown}
 j - 2 scrolls of remove curse {unknown}
Potions
 d - a potion of poison {unknown}
 e - a potion of cure mutation {unknown}
 m - 2 potions of mutation {unknown}
 o - 3 potions of brilliance {unknown}
 q - 2 potions of degeneration {unknown}
 r - a potion of curing {unknown}
Books
 c - a book of Minor Magic

   Spells                             Type                      Level
   a - Magic Dart                     Conjuration                  1
   b - Blink                          Translocation                2
   c - Call Imp                       Summoning                    2
   d - Repel Missiles                 Charms/Air                   2
   e - Slow                           Hexes                        2
   f - Conjure Flame                  Conjuration/Fire             3
   g - Mephitic Cloud                 Conjuration/Poison/Air       3
Comestibles
 t - a slice of pizza


   Skills:
 + Level 4.7 Dodging
 - Level 2.4 Stealth
 - Level 6.0 Spellcasting
 - Level 1.1 Conjurations
 - Level 1.1 Summonings
 - Level 1.1 Translocations


You had 4 spell levels left.
You knew the following spells:

 Your Spells              Type           Power        Failure   Level  Hunger
a - Magic Dart            Conj           ##..         6%          1    None
b - Blink                 Tloc           N/A          10%         2    None
c - Call Imp              Summ           ##......     10%         2    None
d - Mephitic Cloud        Conj/Pois/Air  #.......     24%         3    #......
e - Conjure Flame         Conj/Fire      #.......     21%         3    #......


Dungeon Overview and Level Annotations

Branches:
Dungeon (3/15)

Altars:
Fedhas
Vehumet


Message History

The magic dart hits your crimson imp.
Your crimson imp hits the orc wizard but does no damage.
Something closely misses your crimson imp.
The orc wizard barely misses your crimson imp.
Your crimson imp barely misses the hobgoblin.
Casting: Call Imp
Confirm with . or Enter, or press ? or * to list all spells.
You miscast Call Imp.
Your head hurts.
The orc wizard hits your crimson imp with a dagger.
Your crimson imp blinks!
Something hits your crimson imp.
Your crimson imp blinks!
The orc wizard barely misses you. The orc wizard hits you with a dagger.
The orc wizard looks braver for a moment.
The orc wizard gestures at you while chanting.
The puff of flame hits you! The orc wizard casts a spell at you.
The puff of frost hits you!
You die...

##........[...##
##..........###
###........##.#
#.####''#####.#
#..##.......#.##
#..............#
#..##.......##.#
#..##...(..###.#
#.@####.##.# #.# #..#
#.##.# #.# ######.o#
#.##.# #.# ........#
#.##.# #.#
######..####.##.###.#
#....o............#
###
.##.##.g#############


o.o #.......# .. ##.######.# You could see an orc wizard, an orc and a
hobgoblin.

Vanquished Creatures
  3 gnolls (D:2)
  2 giant geckos (D:2)
  4 bats
  2 giant cockroaches (D:2)
  5 goblins
  2 hobgoblins
  3 jackals
  A quokka (D:2)
  3 giant newts (D:2)
  6 kobolds
  5 rats
36 creatures vanquished.

Vanquished Creatures (collateral kills)
  Terence (D:2)
  3 gnolls
  4 worms
  An orc (D:3)
  A giant cockroach (D:2)
  3 goblins
  3 hobgoblins
  A quokka (D:2)
  A bat (D:2)
  A rat (D:2)
19 creatures vanquished.

Grand Total: 55 creatures vanquished

Notes
Turn   | Place    | Note
--------------------------------------------------------------
     0 | D:1      | Nekros the Deep Elf Wizard began the quest for the Orb.
     0 | D:1      | Reached XP level 1. HP: 10/10 MP: 7/7
   243 | D:1      | Reached skill level 5 in Spellcasting
   322 | D:1      | Reached XP level 2. HP: 15/15 MP: 3/10
   326 | D:1      | Learned a level 2 spell: Blink
   329 | D:1      | Learned a level 2 spell: Call Imp
   916 | D:2      | Found a blossoming altar of Fedhas.
  1197 | D:2      | Reached XP level 3. HP: 19/19 MP: 0/12
  1202 | D:2      | Learned a level 3 spell: Mephitic Cloud
  1206 | D:2      | Learned a level 3 spell: Conjure Flame
  1328 | D:2      | Reached skill level 6 in Spellcasting
  1392 | D:2      | Noticed Terence
  1425 | D:2      | Killed Terence
  2055 | D:2      | Found a radiant altar of Vehumet.
  2122 | D:2      | Reached XP level 4. HP: 24/24 MP: 8/14
  3077 | D:3      | Killed from afar by an orc wizard

Action                   |  1- 3 |  4- 6 || total
-------------------------+-------+-------++-------
Melee: Spear             |    19 |     1 ||    20
 Cast: Magic Dart        |    53 |    34 ||    87
       Call Imp          |    28 |    10 ||    38
       Blink             |     2 |     1 ||     3
       Conjure Flame     |     1 |     1 ||     2
       Mephitic Cloud    |       |     6 ||     6
  Eat: Chunk             |     1 |     1 ||     2
       Bread ration      |     1 |       ||     1
